 Dungeon Crawl Stone Soup version 0.23-a0-29-g1be82e5 (webtiles) character file.

847 torrenera the Grappler (level 7, -3/66 HPs)
             Began as a Troll Monk on Aug 3, 2018.
             Slain by an ogre
             ... wielding a +0 giant club
              (25 damage)
             ... on level 4 of the Dungeon.
             The game lasted 00:04:26 (2478 turns).

torrenera the Grappler (Troll Monk)                 Turns: 2478, Time: 00:04:27

Health: -3/66      AC:  5    Str: 20    XL:     7   Next: 68%
Magic:  6/6        EV: 10    Int:  7    God:
Gold:   232        SH:  0    Dex: 13    Spells: 6/6 levels left

rFire    . . .     SeeInvis .     - Unarmed
rCold    . . .     Gourm    +   (no shield)
rNeg     . . .     Faith    .   a - +0 robe
rPois    .         Spirit   .   (helmet restricted)
rElec    .         Reflect  .   (no cloak)
rCorr    .         Harm     .   (gloves unavailable)
MR       .....                  (boots unavailable)
Stlth    ++........             (no amulet)
HPRegen  0.61/turn              (no ring)
MPRegen  0.10/turn              (no ring)

@: drained
A: large, unfitting armour, claws 3, fast metabolism 3, gourmand, regeneration
1, shaggy fur 1, tough skin 2
a: no special abilities


You were on level 4 of the Dungeon.
You were very full.

You visited 1 branch of the dungeon, and saw 4 of its levels.

You collected 232 gold pieces.

Inventory:

Missiles
 d - 43 stones
 h - 3 large rocks (quivered)
 l - 2 javelins of returning
 m - 4 javelins
Armour
 a - a +0 robe (worn)
Jewellery
 g - an uncursed amulet of guardian spirit {unknown}
Wands
 o - a wand of acid (9)
Scrolls
 c - a scroll of enchant armour {unknown}
 e - 4 scrolls of remove curse {unknown}
 f - 3 scrolls of teleportation {unknown}
 k - 2 scrolls of fear {unknown}
 n - a scroll of enchant weapon {unknown}
 p - a scroll of magic mapping {unknown}
Potions
 j - 2 potions of curing
Comestibles
 b - 11 rations


   Skills:
 - Level 2.4(2.3) Fighting
 - Level 2.4(2.3) Dodging
 - Level 1.0 Stealth
 + Level 9.3(9.2) Unarmed Combat


You had 6 spell levels left.
You didn't know any spells.
Your spell library was empty.

Dungeon Overview and Level Annotations

Branches:
Dungeon (4/15)
 Temple: D:4-7

Altars:
Ru


Innate Abilities, Weirdness & Mutations

You are too large for most types of armour.
You have claws for hands.
Your metabolism is lightning-fast.
You like to eat raw meat.
Your natural rate of healing is unusually fast.
You are covered in fur. (AC +1)
You have very tough skin. (AC +2)


Message History

The orc wizard gestures at you while chanting.
The magic dart hits you!
The orc wizard looks braver for a moment.
The orc wizard looks satisfied for a moment.
You claw the orc!
You kill the orc!
The ogre hits you with a giant club!!
Things that are here:
a dagger; a leather armour; an orc corpse You claw the ogre!
The ogre is heavily wounded.
You barely miss the ogre.
The ogre is heavily wounded.
The ogre hits you with a giant club.
You barely miss the ogre. Your claw misses the ogre.
The ogre is heavily wounded.
You claw the ogre!
The ogre is almost dead.
The ogre hits you with a giant club!!
You die...

### ###
######.####.##########
#.....oO@.....<.......
#......###############
#.####)# #.oO# .....##
§§..... §§.....
§##.... #....


You could see an ogre and an orc wizard.

Vanquished Creatures
  The ghost of torrenera the Magician, an amateur GnWz of Okawaru (D:3)
  Sigmund (D:3)
  The ghost of Gorglomux the Shield-Bearer, an amateur GrFi (D:3)
  The ghost of Kuinu the Grasshopper, an amateur DrWr (D:3)
  An ogre (D:3)
  The ghost of azzavlup the Conjurer, a weakling DrCj (D:3)
  Ijyb (D:3)
  A worker ant (D:3)
  Robin (D:3)
  4 adders
  A worm (D:2)
  A dart slug (D:3)
  3 leopard geckos (D:2)
  3 orcs (D:4)
  2 ball pythons (D:3)
  7 giant cockroaches
  16 goblins
  7 hobgoblins
  11 jackals
  A quokka (D:3)
  2 bats (D:2)
  3 frilled lizards (D:2)
  9 kobolds
  5 rats
84 creatures vanquished.

Notes
Turn   | Place    | Note
-------+----------+-------------------------------------------
     0 | D:1      | torrenera the Troll Monk began the quest for the Orb.
     0 | D:1      | Reached XP level 1. HP: 22/22 MP: 0/0
    94 | D:1      | Reached XP level 2. HP: 29/29 MP: 1/1
   688 | D:1      | Reached skill level 4 in Unarmed Combat
   906 | D:2      | Reached XP level 3. HP: 34/36 MP: 2/2
   935 | D:2      | Found a sacrificial altar of Ru.
  1272 | D:2      | Reached skill level 5 in Unarmed Combat
  1272 | D:2      | Reached XP level 4. HP: 40/44 MP: 3/3
  1481 | D:3      | Noticed Sigmund
  1495 | D:3      | Killed Sigmund
  1495 | D:3      | Reached skill level 6 in Unarmed Combat
  1495 | D:3      | Reached XP level 5. HP: 34/50 MP: 4/4
  1729 | D:3      | Noticed Robin
  1741 | D:3      | Reached XP level 6. HP: 55/59 MP: 5/5
  1754 | D:3      | Killed Robin
  1925 | D:3      | Noticed Ijyb
  1934 | D:3      | Killed Ijyb
  1934 | D:3      | Reached skill level 7 in Unarmed Combat
  2217 | D:3      | Found a runed gate.
  2217 | D:3      | Found a runed gate.
  2219 | D:3      | Found a runed gate.
  2219 | D:3      | Noticed Kuinu's ghost (amateur DrWr)
  2220 | D:3      | Noticed torrenera's ghost (amateur GnWz)
  2220 | D:3      | Noticed Gorglomux's ghost (amateur GrFi)
  2224 | D:3      | Noticed azzavlup's ghost (weakling DrCj)
  2354 | D:3      | Killed Gorglomux's ghost
  2354 | D:3      | Reached skill level 8 in Unarmed Combat
  2354 | D:3      | Reached XP level 7. HP: 27/66 MP: 6/6
  2357 | D:3      | Killed Kuinu's ghost
  2365 | D:3      | Killed azzavlup's ghost
  2366 | D:3      | Killed torrenera's ghost
  2366 | D:3      | Reached skill level 9 in Unarmed Combat
  2478 | D:4      | Slain by an ogre

Vault maps used:
D:1:      matt_arrival_spirals
D:2:      nicolae_ru_awakened_eye
D:3:      first_ration, gammafunk_ghost_cemetery, uniq_sigmund, uniq_robin,
          uniq_ijyb
D:4:      nicolae_dithmenos_the_darkroom, lemuel_doored_altar,
          ebering_ghost_sewer_f, serial_shops, shop

Skill      XL: |  1  2  3  4  5  6  7 |
---------------+----------------------+-----
Unarmed Combat | 4 5 6 8 9 |  9.3
Fighting       | |  2.4
Dodging        | |  2.4
Stealth        | |  1.0

Action                   |  1- 3 |  4- 6 |  7- 9 || total
-------------------------+-------+-------+-------++-------
Melee: Unarmed           |   127 |   112 |    27 ||   266
       Punch             |     2 |     3 |     1 ||     6
Throw: Large rock        |       |     2 |     1 ||     3
 Stab: Sleeping          |     1 |     3 |       ||     4
  Eat: Chunk             |    17 |    10 |     1 ||    28
Armor: Robe              |    43 |    24 |     5 ||    72
Dodge: Dodged            |    82 |    43 |     6 ||   131

Table legend:
 A = Spawn XP
 B = Non-spawn XP
 C = Spawn XP percentage of total XP
 D = Spawn monster count
 E = Non-spawn monster count
 F = Spawn count percentage of total count
 G = Total turns spent on level
                    A         B        C        D         E        F      G
               +---------+---------+-------+---------+---------+-------+---------
         Total |       0 |    1211 |   0.0 |       0 |      84 |   0.0 |  2478
               +---------+---------+-------+---------+---------+-------+---------
           D:1 |       0 |      31 |   0.0 |       0 |      17 |   0.0 |   873
           D:2 |       0 |      73 |   0.0 |       0 |      26 |   0.0 |   532
           D:3 |       0 |    1098 |   0.0 |       0 |      38 |   0.0 |  1043
           D:4 |       0 |       9 |   0.0 |       0 |       3 |   0.0 |    30
               +---------+---------+-------+---------+---------+-------+---------
